Map: Orbital Shipyard

Players

EZHumidor - Winner!

  • Race: Zerg Zerg
  • League: Diamond

MorN

  • Race: Terran Terran
  • League: Master

VOD

Have the link to the VOD?

Description

Time

  • Played on: Nov. 21, 2015, 8:07 p.m.
  • Length: 7:54
Show
View Real Time Build Order
Export as new Build Order

EZHumidor Zerg - Winner!

Build Orders: 3 Hatch before Pool 

Get SALT Encoding   

  12  0:01  Drone  
  13  0:08  Drone  
  14  0:17  Overlord  
  14  0:28  Extractor x2  
  14  0:29  Drone x2  
  16  0:36  Drone  
  17  0:55  Drone  
  17  0:56  Hatchery  
  17  1:17  Hatchery  
  16  1:19  Extractor  
  16  1:23  Drone  
  16  1:24  Drone  
  17  1:38  Spawning Pool  
  16  1:42  Drone  
  16  1:43  Drone  
  18  1:52  Drone  
  19  2:10  Drone x3  
  22  2:20  Drone  
  22  2:21  Drone  
  24  2:28  Queen x2  
  28  2:32  Drone x2  
  28  2:36  Overlord  
  30  2:42  Overlord  
  30  2:45  Drone  
  30  2:48  Drone  
  32  2:55  Metabolic Boost  
  32  2:59  Drone  
  32  3:00  Drone x2  
  35  3:16  Extractor  
  35  3:17  Lair  
  35  3:18  Drone x3  
  37  3:20  Drone  
  37  3:21  Drone x2  
  37  3:24  Drone x2  
  37  3:26  Drone  
  43  3:50  Evolution Chamber  
  43  3:52  Baneling Nest  
  43  3:53  Drone  
  43  3:54  Overlord x2  
  43  3:55  Overlord  
  42  3:59  Zergling x12  
  48  4:03  Queen  
  50  4:16  Zerg Melee Weapons Level 1  
  50  4:20  Overlord x3  
  50  4:23  Overlord  
  48  4:33  Zergling x14  
  48  4:37  Centrifical Hooks  
  55  4:50  Zergling x2  
  55  4:51  Zergling x14  
  63  4:56  Zergling x2  
  63  4:57  Zergling x6  
  67  5:04  Zergling x8  
  71  5:09  Zergling x2  
  71  5:12  Baneling x2  
  71  5:13  Baneling x7  
  72  5:21  Zergling x10  
  76  5:22  Zergling x2  
  68  5:42  Spore Crawler  
  55  5:51  Spore Crawler  
  54  6:00  Spore Crawler  
  53  6:05  Baneling  
  53  6:06  Baneling x5  
  53  6:08  Zergling x14  
  60  6:27  Spore Crawler  
  60  6:32  Zergling x8  
  58  6:44  Zergling x4  
  56  7:05  Zergling x14  
  56  7:06  Zergling x4  
  62  7:15  Zergling x8  
  65  7:26  Zergling x10  
  67  7:31  Zergling x6  
Show
View Real Time Build Order
Export as new Build Order

MorN Terran 

Build Orders: Command Center First (CC), Liberator Opening 

Get SALT Encoding   

  12  0:01  SCV  
  13  0:13  SCV  
  14  0:17  Supply Depot  
  14  0:26  SCV  
  15  0:39  SCV  
  16  0:51  SCV  
  17  1:01  Command Center  
  17  1:05  SCV  
  17  1:10  Refinery  
  18  1:17  SCV  
  19  1:23  Barracks  
  19  1:31  SCV  
  20  1:43  SCV  
  21  1:55  SCV  
  23  2:13  Marine  
  24  2:16  Orbital Command x2  
  24  2:17  Factory  
  23  2:25  Refinery  
  23  2:39  Barracks Reactor  
  23  2:43  SCV x2  
  25  2:55  SCV  
  26  3:03  Supply Depot  
  26  3:07  SCV  
  26  3:08  SCV  
  28  3:15  Command Center  
  28  3:16  Starport  
  28  3:23  SCV, Hellion x2  
  28  3:26  Barracks Reactor  
  28  3:27  SCV  
  34  3:35  SCV  
  34  3:40  SCV  
  36  3:44  Hellion x2  
  36  3:47  Supply Depot  
  36  3:48  SCV  
  41  3:52  SCV, Liberator  
  41  3:53  Liberator  
  42  4:00  SCV  
  43  4:04  SCV  
  43  4:06  Hellion  
  43  4:09  Hellion  
  54  4:17  Barracks Tech Lab  
  54  4:21  Supply Depot  
  54  4:27  SCV x2  
  56  4:38  Orbital Command  
  56  4:39  SCV x2  
  56  4:40  Factory Reactor  
  56  4:41  Stimpack, Marine  
  56  4:42  Barracks  
  56  4:43  Barracks  
  59  4:46  Refinery  
  59  4:47  Refinery  
  59  4:51  SCV  
  59  4:52  SCV  
  61  5:03  SCV  
  62  5:08  Marine  
  62  5:14  Engineering Bay, Barracks  
  63  5:15  SCV x2, Engineering Bay, Barracks  
  63  5:18  SCV, Starport Reactor  
  66  5:26  Supply Depot  
  66  5:27  SCV x2  
  68  5:30  SCV  
  61  5:45  Marine x2  
  61  5:46  Marine  
  62  5:56  Factory Reactor, Orbital Command  
  60  5:58  Marine x2  
  60  6:01  SCV  
  60  6:03  Marine x2  
  65  6:05  Supply Depot  
  65  6:10  Starport Reactor  
  65  6:18  Marine x4  
  65  6:20  SCV  
  69  6:40  Marine x3  
  69  6:41  Marine  
  69  6:42  Hellion x2, Marine x3  
  64  6:49  Marine  
  64  6:51  Orbital Command  
  59  6:54  Medivac x2  
  58  6:58  Marine x4  
  58  7:00  Marine x2  
  56  7:05  Hellion x2  
  56  7:07  Marine  
  45  7:16  Marine x2  
  42  7:26  Hellion x2  
  39  7:30  Marine  
  39  7:31  Marine x2  
Tags
 
Add a new tag
Caveats
  • Supply blocks, unpowered buildings, or Contaminate may cause inaccurate times.
  • Supply counts are checked every 10 seconds.